 Dungeon Crawl Stone Soup version 0.29-a0-542-g075992c915 (webtiles) character file.

Game seed: 2250243739240692798

8586 sammy202020 the Fighter (level 11, 0/82 (89) HPs)
             Began as a Demonspawn Berserker on June 5, 2022.
             Was a High Priest of Trog.
             Killed from afar by Josephine (27 damage)
             ... with a ghostly fireball
             ... on level 10 of the Dungeon.
             The game lasted 00:18:56 (7543 turns).

sammy202020 the Fighter (Demonspawn Berserker)      Turns: 7543, Time: 00:18:57

HP:   0/82 (89)     AC: 17    Str: 20    XL:     11   Next: 11%
MP:   11/11         EV: 11    Int: 10    God:    Trog [*****.]
Gold: 348           SH:  4    Dex: 19    Spells: 10/10 levels left

rFire   + . .      SeeInvis .   F - +5 war axe (vamp)
rCold   . . .      Faith    .   (no shield)
rNeg    . . .      Spirit   .   D - +3 chain mail {rF+}
rPois   .          Reflect  .   q - +0 helmet
rElec   .          Harm     .   (no cloak)
rCorr   +          Rampage  .   (no gloves)
Will    ++...                   i - +0 pair of boots
Stlth   ..........              f - amulet of regeneration
HPRegen 4.03/turn               m - ring of resist corrosion
MPRegen 0.12/turn               B - +6 ring of dexterity

@: strong-willed, on berserk cooldown, regenerating, slowed, drained, very slow
A: thin metallic scales 1, powered by death 2, condensation shield, demonic
touch 1
a: Renounce Religion, Berserk, Trog's Hand, Brothers in Arms


You were on level 10 of the Dungeon.
You worshipped Trog.
Trog was extremely pleased with you.
You visited 1 branch of the dungeon, and saw 10 of its levels.
You also visited: Sewer and Ossuary.

You collected 348 gold pieces.

Inventory:

Hand Weapons
 o - a +1 flail
 C - a +3 executioner's axe of flaming
 F - a +5 vampiric war axe (weapon)
Missiles
 k - 11 boomerangs (quivered)
Armour
 i - a +0 pair of boots (worn)
 q - a +0 helmet (worn)
 D - a +3 chain mail of fire resistance (worn)
Jewellery
 c - a +6 ring of intelligence
 f - an amulet of regeneration (around neck)
 m - a ring of resist corrosion (left hand)
 y - a +6 ring of dexterity
 B - a +6 ring of dexterity (right hand)
Wands
 u - a wand of charming (9)
 w - a wand of flame (30)
 G - a wand of paralysis (12)
Scrolls
 a - 2 scrolls of enchant weapon
 b - 7 scrolls of teleportation
 j - 6 scrolls of identify
 l - 4 scrolls of enchant armour
 n - 2 scrolls of blinking
 z - 3 scrolls of amnesia
Potions
 d - 5 potions of heal wounds
 e - 4 potions of curing
 g - 4 potions of cancellation
 h - 3 potions of flight
 p - 3 potions of magic
 r - 4 potions of brilliance
 s - a potion of berserk rage
 t - 3 potions of might
 v - a potion of mutation
 x - 3 potions of lignification
 A - a potion of attraction
Miscellaneous
 E - a lightning rod (4/4)


   Skills:
 * Level 9.5 Fighting
 * Level 8.7 Axes
 + Level 5.9 Armour
 + Level 6.0 Dodging
 * Level 7.1 Unarmed Combat


You had 10 spell levels left.
You didn't know any spells.
Your spell library was empty.

Dungeon Overview and Level Annotations

Branches:
Dungeon (10/15)            Temple (0/1) D:4             Orc (0/2) D:9
  Sewer (visited)         Ossuary (visited)
   Lair: D:8-11

Altars:
Cheibriados
Okawaru

Shops:
D:7 *

Annotations:
D:10 Josephine


Innate Abilities, Weirdness & Mutations

You are partially covered in thin metallic scales. (AC +2)
You regenerate health from kills.
A meltable shield of frost defends you. (SH +4)
Your touch may inflict minor irresistible damage on your foes.


Message History

* * * LOW HITPOINT WARNING * * *
The wraith hits you but does no damage. Josephine barely misses you.
The wraith hits you but does no damage. The wraith barely misses you.
Your skin crawls.
You feel strong-willed. The wraith hits you but does no damage.
Josephine barely misses you. The wraith closely misses you.
The wraith hits you!
* * * LOW HITPOINT WARNING * * *
Unknown command.
You feel much better. You block Josephine's attack. The wraith hits you.
The wraith drains your vigour!
You feel as though you will be slow longer.
The wraith misses you. The wraith barely misses you.
Josephine says, "How about some decapitation?"
Josephine hits you but does no damage. The wraith hits you!
* * * LOW HITPOINT WARNING * * *
The wraith barely misses you. You block the wraith's attack.
You barely miss Josephine.
Josephine is moderately wounded.
You hit the wraith. You hit the wraith but do no damage.
You barely miss the wraith. The wraith hits you but does no damage.
Josephine misses you. The wraith barely misses you.
The wraith hits you but does no damage. Josephine hits you but does no damage.
You block the wraith's attack.
The wraith hits you but does no damage. x2
You slice Josephine!!
Josephine is heavily wounded.
You barely miss the wraith. x2; You hit the wraith.
Josephine hits you but does no damage. The wraith closely misses you.
The wraith hits you but does no damage. The wraith hits you!
* * * LOW HITPOINT WARNING * * *
You hit Josephine.
You touch Josephine!
Your punch misses Josephine.
Josephine is severely wounded.
You hit the wraith. You slash the wraith!
You destroy the wraith!
Trog accepts your kill.
You slash the wraith! Josephine casts a spell at you.
The ghostly flame explodes!
The ghostly fireball engulfs you!!
You feel drained.
You die...

#<.†#..............
#...†..............
#...†...>..........
#...#..............
######.............
#............#
#..........##
#..........#
#.....@....#
##...W@W...#
#.............
#..........###
#......$....?
#....(........
#.......(.....
##............


You could see Josephine and 2 wraiths.

Vanquished Creatures
  A two-headed ogre (D:8)
  Amaemon (D:9)
  An orange demon (D:9)
  A gargoyle (D:7)
  Grinder (D:6)
  9 yaks
  2 wyverns (D:8)
  7 wraiths
  Eustachio (D:4)
  A steam dragon (D:9)
  A warg (D:9)
  Edmund (D:6)
  A water moccasin (D:6)
  Duvessa (D:4)
  An ice beast (D:5)
  A sky beast (D:6)
  4 orc warriors
  2 ogres (D:5)
  6 centaurs
  A kobold brigand (D:9)
  4 bullfrogs
  A necrophage (D:3)
  9 wights (D:8)
  4 scorpions
  Dowan (D:4)
  3 howler monkeys
  A hound (D:5)
  A jelly (D:7)
  8 orc priests
  An iron imp (D:7)
  A gnoll shaman (D:6)
  An iguana (D:7)
  10 orc wizards
  3 mummies (Ossuary)
  Robin (D:4)
  8 gnolls
  14 adders
  2 river rats (Sewer)
  A shadow imp (D:3)
  2 white imps (D:6)
  2 ufetubi
  A worm (D:2)
  2 dart slugs (D:3)
  37 orcs
  5 bats
  9 endoplasms
  5 giant cockroaches
  8 goblins
  13 hobgoblins
  11 jackals
  6 quokkas
  18 ball pythons
  8 frilled lizards
  A goblin zombie (Ossuary)
  5 hobgoblin zombies (Ossuary)
  7 kobolds
  4 kobold zombies (Ossuary)
  23 rats
285 creatures vanquished.

Notes
Turn   | Place    | Note
-------+----------+-------------------------------------------
     0 | D:1      | sammy202020 the Demonspawn Berserker began the quest for
                  | the Orb.
     0 | D:1      | Reached XP level 1. HP: 18/18 MP: 1/1
   326 | D:1      | Gained mutation: You are partially covered in thin metallic
                  | scales. (AC +2) [demonic ancestry]
   326 | D:1      | Reached XP level 2. HP: 23/24 MP: 2/2
   480 | D:1      | Found a faded altar of an unknown god.
   930 | D:1      | Reached XP level 3. HP: 17/29 MP: 3/3
   989 | D:2      | Reached ** piety under Trog
  1840 | D:3      | Noticed a necrophage
  1857 | D:3      | Killed a necrophage
  1858 | D:3      | Reached skill level 4 in Fighting
  1858 | D:3      | Reached XP level 4. HP: 18/37 MP: 4/4
  2058 | D:3      | Reached XP level 5. HP: 41/42 MP: 5/5
  2737 | D:4      | Found a staircase to the Ecumenical Temple.
  2753 | D:4      | Noticed Eustachio
  2781 | D:4      | Killed Eustachio
  2782 | D:4      | Reached XP level 6. HP: 23/49 MP: 6/6
  2842 | D:4      | Found a glowing drain.
  2849 | D:4      | Noticed Duvessa
  2849 | D:4      | Noticed Dowan
  2864 | D:4      | Killed Duvessa
  2875 | D:4      | Killed Dowan
  2876 | D:4      | Reached skill level 5 in Fighting
  2910 | Sewer    | Entered a sewer
  2961 | Sewer    | Reached *** piety under Trog
  3037 | Sewer    | Gained mutation: Your touch may inflict minor irresistible
                  | damage on your foes. [demonic ancestry]
  3037 | Sewer    | Reached XP level 7. HP: 54/56 MP: 7/7
  3193 | Sewer    | Reached skill level 1 in Unarmed Combat
  3194 | Sewer    | Reached skill level 5 in Axes
  3253 | D:4      | Noticed Robin
  3262 | D:4      | Killed Robin
  3262 | D:4      | Reached **** piety under Trog
  3544 | D:5      | Entered Level 5 of the Dungeon
  3586 | D:5      | Found an iron altar of Okawaru.
  3607 | D:5      | Gained mutation: You regenerate a little health from kills.
                  | [demonic ancestry]
  3607 | D:5      | Reached XP level 8. HP: 32/64 MP: 8/8
  3689 | D:5      | Reached skill level 6 in Fighting
  3996 | D:5      | Found a sand-covered staircase.
  4005 | Ossuary  | Entered an ossuary
  4063 | Ossuary  | Reached ***** piety under Trog
  4792 | D:6      | Noticed Grinder
  4807 | D:6      | Killed Grinder
  4889 | D:6      | Noticed Edmund
  4904 | D:6      | Killed Edmund
  4905 | D:6      | Reached XP level 9. HP: 69/71 MP: 9/9
  5025 | D:6      | Reached skill level 7 in Fighting
  5600 | D:7      | Noticed a gargoyle
  5613 | D:7      | Killed a gargoyle
  5686 | D:7      | Reached skill level 5 in Unarmed Combat
  5925 | D:7      | Found Nanolage's Gadget Gallery.
  6099 | D:7      | Found a snail-covered altar of Cheibriados.
  6264 | D:8      | Reached skill level 5 in Dodging
  6266 | D:8      | Reached skill level 8 in Fighting
  6266 | D:8      | Reached skill level 5 in Armour
  6272 | D:8      | Received a gift from Trog
  6320 | D:8      | Noticed a two-headed ogre
  6328 | D:8      | Killed a two-headed ogre
  6329 | D:8      | Gained mutation: A meltable shield of frost defends you.
                  | (SH +4) [demonic ancestry]
  6329 | D:8      | Reached XP level 10. HP: 77/81 MP: 10/10
  6636 | D:9      | Found a staircase to the Orcish Mines.
  6695 | D:9      | Noticed Amaemon
  6704 | D:9      | Noticed an orange demon
  6707 | D:9      | Killed Amaemon
  6708 | D:9      | Reached skill level 9 in Fighting
  6712 | D:9      | Killed an orange demon
  7394 | D:9      | Gained mutation: You regenerate health from kills. [demonic
                  | ancestry]
  7394 | D:9      | Reached XP level 11. HP: 79/89 MP: 11/11
  7501 | D:10     | Entered Level 10 of the Dungeon
  7528 | D:10     | Noticed Josephine
  7543 | D:10     | Killed from afar by Josephine

Illustrated notes

Levels and vault maps discovered:
D:1:      minmay_arrival_stone_box, layout_basic,
          hellmonk_ecumenical_altar_lost_god, minmay_door_square,
          nrook_loot_triangle, patterned_corridor
D:2:      layout_rooms
D:3:      layout_rooms, lemuel_flame_loot_1
D:4:      layout_loops_ring, minmay_temple_entry_grid, gup_sewer_entry_glass,
          uniq_duvessa, uniq_robin, uniq_eustachio
D:5:      layout_basic, lightli_ossuary_entry_decrepit_ruins,
          kennysheep_flooded_box, minmay_statues_item
D:6:      layout_loops_ring, uniq_edmund, uniq_grinder
D:7:      layout_basic, chei_slow_surprise, nicolae_shop_gadgets
D:8:      layout_rooms
D:9:      layout_basic, erik_orc_4, hangedman_abyss_or_decor_stabs,
          grunt_decor_mini_mirrors, minmay_between, uniq_amaemon
D:10:     layout_rooms, ebering_dispersal_statue_hall, uniq_snorg, uniq_erolcha,
          uniq_josephine

Skill      XL: |  1  2  3  4  5  6  7  8  9 10 11 |
---------------+----------------------------------+-----
Dodging        | 2 3 4 5 6 |  6.0
Axes           | 3 4 5 6 7 8 |  8.7
Armour         | 2 3 4 5 |  5.9
Fighting       | 4 5 6 8 9 |  9.5
Unarmed Combat | 2 4 5 7 |  7.1

Action                   |  1- 3 |  4- 6 |  7- 9 | 10-12 || total
-------------------------+-------+-------+-------+-------++-------
Melee: Hand axe          |   136 |   181 |   336 |       ||   653
       Punch             |     1 |     4 |    11 |     5 ||    21
       Touch             |       |       |    78 |    28 ||   106
       War axe           |       |       |    50 |   118 ||   168
Invok: Berserk           |     1 |     3 |     7 |     3 ||    14
       Trog's Hand       |       |     1 |     2 |     2 ||     5
  Use: Scroll            |     8 |     2 |    14 |     2 ||    26
       Potion            |       |     1 |       |     2 ||     3
Armor: Animal skin       |    20 |       |       |       ||    20
       Ring mail         |    32 |   129 |   143 |       ||   304
       Chain mail        |       |       |    98 |    94 ||   192
Dodge: Dodged            |    90 |   189 |   243 |    75 ||   597
Block: Other             |       |       |       |    28 ||    28

Table legend: (Time is in decaauts)
 A = Elapsed time spent in this place.
 B = Non-inter-level travel time spent in this place.
 C = Inter-level travel time spent in this place.
 D = Time resting spent in this place.
 E = Time spent auto-exploring this place.
 F = Levels seen in this place.
 G = Mean time per level.
                   A        B        C        D        E       F      G
               +--------+--------+--------+--------+--------+-----+--------+
         Total |   7761 |   7647 |    114 |    256 |   5194 |  12 |  646.8 |
       Dungeon |   6912 |   6798 |    114 |    256 |   4746 |  10 |  691.2 |
         Sewer |    381 |    381 |      0 |      0 |    137 |   1 |  381.0 |
       Ossuary |    467 |    467 |      0 |      0 |    311 |   1 |  467.0 |
               +--------+--------+--------+--------+--------+-----+--------+

Top non-repeatable levels by time:
     D:1: 963 daAuts
     D:2: 893 daAuts
     D:3: 893 daAuts
     D:9: 881 daAuts
     D:7: 772 daAuts
     D:5: 771 daAuts
     D:6: 642 daAuts
     D:4: 550 daAuts
     D:8: 492 daAuts
 Ossuary: 467 daAuts
   Sewer: 381 daAuts
    D:10: 51 daAuts
